Map: Coda EC

Players

crow

  • Race: Terran Terran
  • League: Grandmaster

AgCl - Winner!

  • Race: Protoss Protoss
  • League: Grandmaster

VOD

Have the link to the VOD?

Description

Time

  • Played on: June 5, 2015, 10:12 p.m.
  • Length: 15:00
Show
View Real Time Build Order
Export as new Build Order

crow Terran 

Build Orders:  

Get SALT Encoding   

  12  0:01  SCV  
  13  0:13  SCV  
  14  0:18  Supply Depot  
  14  0:25  SCV  
  15  0:40  SCV  
  16  0:44  Barracks  
  16  0:52  SCV, Refinery  
  17  0:59  Refinery  
  17  1:04  SCV  
  18  1:16  SCV  
  18  1:18  Supply Depot  
  19  1:28  SCV  
  21  1:33  Reaper  
  21  1:41  SCV  
  22  1:52  Factory  
  22  1:54  Orbital Command  
  22  2:11  Marine  
  23  2:29  Marine  
  23  2:37  Command Center  
  23  2:40  Factory Tech Lab  
  23  3:03  Marine  
  24  3:06  Cyclone  
  24  3:08  Supply Depot, SCV  
  28  3:20  SCV, Marine  
  30  3:28  Engineering Bay  
  29  3:35  Starport  
  29  3:38  Marine  
  29  3:40  Widow Mine  
  32  3:56  Marine  
  32  3:59  Missile Turret  
  33  4:04  Orbital Command  
  31  4:14  Marine  
  37  4:17  Viking  
  27  4:32  Marine  
  28  4:40  Cyclone  
  31  4:48  Viking  
  33  5:06  Orbital Command  
  33  5:09  SCV  
  34  5:20  Armory  
  34  5:21  SCV  
  34  5:25  Siege Tank  
  38  5:33  SCV  
  38  5:35  SCV  
  40  5:38  Starport Tech Lab  
  40  5:45  SCV  
  40  5:47  SCV  
  42  5:52  Supply Depot  
  42  5:57  SCV  
  42  5:59  SCV  
  44  6:10  SCV  
  51  6:11  SCV  
  52  6:22  SCV  
  52  6:23  SCV  
  51  6:34  SCV  
  51  6:35  SCV  
  51  6:36  Missile Turret  
  51  6:38  Raven  
  55  6:42  Refinery  
  55  6:43  Command Center  
  55  6:46  SCV  
  50  6:47  Starport  
  50  6:48  SCV  
  50  6:52  Refinery  
  51  6:58  SCV  
  51  7:00  SCV  
  53  7:02  Starport  
  53  7:04  Infernal Pre-Igniter  
  53  7:09  Hellion  
  53  7:10  SCV, Factory  
  53  7:12  SCV  
  57  7:22  SCV  
  58  7:23  Liberator  
  58  7:24  SCV  
  58  7:26  Viking  
  61  7:32  Viking  
  61  7:34  SCV  
  61  7:36  SCV  
  60  7:39  Liberator  
  57  7:46  SCV  
  57  7:48  SCV  
  57  7:49  Missile Turret  
  61  7:58  SCV  
  61  8:02  Liberator  
  62  8:06  Starport  
  62  8:16  Liberator  
  68  8:20  Hellion x2  
  68  8:21  Terran Ship Weapons Level 1  
  68  8:23  Supply Depot  
  68  8:28  Command Center  
  69  8:41  Hellion x2  
  69  8:54  Viking x2  
  75  9:02  Hellion  
  75  9:07  Supply Depot  
  75  9:09  SCV x2  
  77  9:29  Hellion x2  
  77  9:31  Starport Tech Lab x2  
  81  9:35  Fusion Core  
  81  9:39  Supply Depot  
  81  9:50  Hellion  
  83  9:53  Starport Reactor  
  83  9:58  Factory Tech Lab  
  83  10:01  Raven  
  85  10:11  Thor  
  85  10:13  Supply Depot  
  91  10:17  Command Center  
  91  10:25  Cloaking Field  
  91  10:39  Supply Depot  
  91  10:40  Supply Depot  
  91  10:41  Supply Depot  
  91  10:43  Supply Depot  
  91  10:44  Banshee  
  91  10:45  Banshee  
  97  10:51  Banshee  
  100  11:00  Thor, Banshee  
  100  11:02  Hellion x2  
  100  11:03  Supply Depot  
  113  11:04  Supply Depot  
  113  11:11  Factory  
  113  11:17  Supply Depot  
  113  11:23  Hellion x2  
  117  11:27  Banshee  
  117  11:28  Banshee  
  117  11:30  Terran Vehicle Weapons Level 1  
  123  11:34  Banshee  
  124  11:43  Hellion  
  124  11:44  Hellion x2  
  130  11:51  Viking  
  132  11:58  Factory Tech Lab  
  132  11:59  Orbital Command  
  132  12:00  Liberator  
  132  12:03  Missile Turret  
  132  12:05  Hellion  
  132  12:07  Supply Depot  
  134  12:09  Supply Depot  
  134  12:10  Viking  
  134  12:11  Viking  
  140  12:24  Thor  
  140  12:25  Hellion  
  140  12:26  Hellion x2  
  152  12:33  Supply Depot  
  152  12:45  Armory, Liberator  
  152  12:46  Supply Depot  
  152  12:49  Hellion  
  154  12:55  Viking  
  154  12:58  Liberator  
  156  13:10  Missile Turret  
  158  13:20  Liberator x2  
  161  14:05  Orbital Command  
  161  14:12  Hellion x3  
  169  14:33  Hellion x2  
Show
View Real Time Build Order
Export as new Build Order

AgCl Protoss - Winner!

Build Orders: Oracle Opening, Oracle Opening, Carrier Rush 

Get SALT Encoding   

  13  0:14  Probe  
  13  0:17  Pylon  
  13  0:26  Probe  
  14  0:30  Assimilator  
  14  0:44  Probe  
  14  0:47  Gateway  
  15  0:56  Probe (Chrono Boost)  
  16  1:08  Probe (Chrono Boost)  
  17  1:14  Probe (Chrono Boost)  
  18  1:25  Probe  
  19  1:27  Pylon  
  19  1:34  Zealot (Chrono Boost)  
  19  1:37  Probe  
  22  1:47  Cybernetics Core  
  22  1:49  Probe, Assimilator  
  23  2:01  Probe  
  24  2:13  Probe (Chrono Boost)  
  25  2:24  Probe (Chrono Boost)  
  25  2:30  Stargate  
  25  2:34  Mothership Core (Chrono Boost)  
  25  2:36  Adept  
  29  2:40  Pylon  
  29  2:48  Probe (Chrono Boost)  
  30  3:00  Probe  
  31  3:13  Oracle (Chrono Boost)  
  34  3:23  Nexus  
  34  3:26  Probe (Chrono Boost)  
  34  3:36  Probe (Chrono Boost)  
  35  3:43  Probe  
  36  3:52  Fleet Beacon  
  36  3:55  Forge  
  36  3:58  Warp Gate  
  36  4:02  Probe  
  37  4:16  Probe  
  35  4:25  Carrier (Chrono Boost)  
  35  4:39  Nexus  
  35  4:51  Probe (Chrono Boost)  
  35  4:52  Probe (Chrono Boost)  
  43  5:01  Graviton Catapult  
  43  5:05  Probe (Chrono Boost)  
  42  5:10  Pylon  
  42  5:12  Probe (Chrono Boost)  
  43  5:20  Probe (Chrono Boost)  
  44  5:24  Probe (Chrono Boost)  
  44  5:27  Carrier (Chrono Boost)  
  45  5:31  Probe x2 (Chrono Boost)  
  53  5:50  Pylon  
  53  5:52  Assimilator  
  53  5:53  Probe  
  53  5:54  Probe  
  53  5:55  Pylon  
  55  6:00  Probe  
  55  6:03  Photon Cannon  
  56  6:05  Probe  
  56  6:06  Probe  
  58  6:14  Robotics Facility  
  58  6:15  Probe  
  58  6:17  Probe  
  58  6:18  Probe  
  59  6:29  Assimilator  
  59  6:30  Photon Cannon  
  59  6:31  Probe (Chrono Boost)  
  62  6:33  Assimilator  
  62  6:35  Photon Cannon  
  62  6:38  Probe (Chrono Boost)  
  62  6:42  Probe (Chrono Boost)  
  62  6:44  Protoss Air Weapons Level 1 (Chrono Boost)  
  62  6:46  Probe (Chrono Boost)  
  64  6:48  Probe (Chrono Boost)  
  64  6:50  Probe (Chrono Boost)  
  64  6:53  Probe, Pylon  
  66  6:56  Probe (Chrono Boost)  
  66  7:01  Observer (Chrono Boost)  
  69  7:03  Probe (Chrono Boost), Protoss Shields Level 1  
  69  7:07  Assimilator  
  71  7:08  Probe (Chrono Boost)  
  71  7:10  Probe (Chrono Boost)  
  71  7:14  Probe (Chrono Boost)  
  72  7:19  Probe (Chrono Boost)  
  72  7:20  Carrier (Chrono Boost)  
  72  7:22  Probe x2 (Chrono Boost), Pylon  
  75  7:23  Observer (Chrono Boost)  
  75  7:26  Probe (Chrono Boost)  
  75  7:29  Probe  
  79  7:30  Probe  
  79  7:35  Gateway  
  78  7:37  Probe  
  78  7:42  Probe x2  
  87  7:50  Probe, Pylon  
  88  7:54  Probe  
  89  8:07  Stargate  
  89  8:11  Pylon  
  89  8:13  Pylon  
  89  8:17  Probe  
  89  8:18  Pylon  
  89  8:19  Pylon  
  91  8:20  Probe  
  91  8:22  Nexus  
  91  8:37  Carrier (Chrono Boost)  
  91  8:45  Pylon  
  91  8:52  Protoss Air Weapons Level 2 (Chrono Boost)  
  91  8:56  Probe  
  91  9:02  Probe, Stargate  
  99  9:04  Stargate  
  101  9:10  Phoenix (Chrono Boost)  
  101  9:16  Probe (Chrono Boost)  
  102  9:19  Probe (Chrono Boost)  
  102  9:23  Probe (Chrono Boost), Phoenix (Chrono Boost)  
  106  9:27  Pylon  
  106  9:30  Probe (Chrono Boost)  
  106  9:31  Gateway  
  107  9:35  Gateway  
  107  9:41  Pylon, Carrier (Chrono Boost)  
  106  9:46  Assimilator  
  118  9:56  Phoenix x3 (Chrono Boost)  
  118  10:03  Pylon, Photon Cannon  
  118  10:05  Pylon, Carrier x2 (Chrono Boost)  
  118  10:07  Pylon  
  118  10:11  Pylon  
  118  10:13  Gateway  
  118  10:19  Pylon  
  118  10:23  Pylon  
  130  10:38  Forge  
  130  10:40  Pylon  
  130  10:44  Twilight Council  
  130  10:46  Pylon, Photon Cannon  
  130  10:50  Gateway, Assimilator  
  130  10:51  Gateway  
  130  10:54  Pylon  
  130  11:00  Phoenix (Chrono Boost)  
  130  11:03  Robotics Bay  
  134  11:05  Pylon  
  134  11:06  Carrier (Chrono Boost)  
  134  11:07  Phoenix (Chrono Boost), Carrier (Chrono Boost)  
  134  11:17  Protoss Ground Weapons Level 1 (Chrono Boost)  
  146  11:28  Protoss Shields Level 2 (Chrono Boost)  
  146  11:29  Carrier (Chrono Boost)  
  146  11:32  Protoss Air Weapons Level 3  
  146  11:41  Anion Pulse-Crystals (Chrono Boost)  
  152  11:51  Photon Cannon  
  152  11:52  Probe, Carrier (Chrono Boost)  
  153  11:54  Pylon  
  153  11:59  Zealot  
  155  12:02  Charge  
  155  12:03  Zealot  
  163  12:14  Cybernetics Core  
  163  12:16  Pylon  
  163  12:35  Templar Archives  
  163  12:39  Observer Gravitic Boosters (Chrono Boost), Dark Shrine  
  161  12:47  Carrier (Chrono Boost)  
  161  12:57  Nexus  
  161  12:59  Pylon  
  161  13:02  Photon Cannon  
  167  13:05  Assimilator  
  167  13:07  Stargate  
  167  13:09  Assimilator  
  167  13:10  Carrier (Chrono Boost), Robotics Facility  
  167  13:12  Psionic Storm, Pylon  
  167  13:25  Stalker  
  169  13:27  Gravitic Drive (Chrono Boost)  
  175  13:52  High Templar x2  
  175  13:53  High Templar x2  
  187  14:09  Void Ray (Chrono Boost)  
  189  14:11  Pylon x2  
  189  14:16  Void Ray (Chrono Boost)  
  189  14:23  Gateway  
  189  14:24  Gateway  
  189  14:27  Gateway, Pylon  
  189  14:30  Gateway  
  179  14:50  Gateway x2  
  179  14:52  Gateway x2  
  175  14:54  Pylon  
  175  14:59  Pylon  
Tags
 
Add a new tag
Caveats
  • Supply blocks, unpowered buildings, or Contaminate may cause inaccurate times.
  • Supply counts are checked every 10 seconds.